 Dungeon Crawl Stone Soup version 0.18.1-50-g88ac8fd (webtiles) character file.

331 Gargoyl the Distorting Demonspawn (level 6, 0/48 HPs)
             Began as a Demonspawn Abyssal Knight on Oct 15, 2016.
             Was a Believer of Lugonu.
             Slain by Pikel
             ... wielding a +2 whip of electrocution
              (14 damage)
             ... on level 4 of the Dungeon.
             The game lasted 00:06:11 (3944 turns).

Gargoyl the Distorting Demonspawn (DsAK)            Turns: 3944, Time: 00:06:12

Health: 0/48       AC: 11    Str: 14    XL:     6   Next: 26%
Magic:  9/9        EV:  6    Int: 13    God:    Lugonu [**....]
Gold:   125        SH:  3    Dex: 13    Spells: 0 memorised, 5 levels left

rFire  + . .     SeeInvis .     a - +2 hand axe
rCold  . . .     Gourm    .     f - +0 chain mail
rNeg   . . .     Faith    .     e - +0 buckler
rPois  .         Spirit   .     (helmet restricted)
rElec  .         Dismiss  .     j - +0 cloak
rCorr  .         Reflect  .     (no gloves)
SustAt .         Harm     .     (no boots)
MR     .....     Clarity  +     (no amulet)
Stlth  ..........               (no ring)
                                m - ring of protection from fire

@: lethally poisoned (0 -> -1), not resistant to hostile enchantments, extremely
unstealthy
A: horns 1, talons 1, molten scales 1, blurry vision 1, clarity, powered by pain
1
a: Depart the Abyss, Bend Space, Renounce Religion


You were on level 4 of the Dungeon.
You worshipped Lugonu.
Lugonu was pleased with you.
You were not hungry.

You visited 1 branch of the dungeon, and saw 4 of its levels.
You visited the Abyss 1 time.

You collected 125 gold pieces.

Inventory:

Hand Weapons
 a - a +2 hand axe (weapon)
Armour
 e - a +0 buckler (worn)
 f - a +0 chain mail (worn)
 j - a +0 cloak (worn)
Jewellery
 m - a ring of protection from fire (left hand)
Scrolls
 h - a scroll of teleportation
 k - 2 scrolls of remove curse {unknown}
 o - 3 scrolls of blinking {unknown}
 p - 4 scrolls of identify
Potions
 d - a potion of curing
 g - a potion of lignification
Comestibles
 b - a chunk of flesh
 c - 3 bread rations
 i - a royal jelly
 r - a beef jerky
 t - a slice of pizza


   Skills:
 + Level 3.7 Fighting
 + Level 2.6 Axes
 * Level 4.1 Armour
 + Level 2.0 Dodging
 + Level 0.5 Shields
 * Level 4.2 Invocations


You had 5 spell levels left.
You didn't know any spells.

Dungeon Overview and Level Annotations

Branches:
Dungeon (4/15)             Temple (0/1) D:4

Altars:
Ashenzari
Dithmenos
Kikubaaqudgha
Pakellas

Portals:
Sewer: D:4

Annotations:
D:4 Pikel


Innate Abilities, Weirdness & Mutations

You have a pair of small horns on your head.
You are partially covered in molten scales (AC +1).
You sometimes gain a little power by taking damage.
You have sharp toenails.
Scrolls take you a little longer to read.
You possess an exceptional clarity of mind.


Message History

The worker ant bites you.
Unknown command.
You hit the worker ant.
You kill the worker ant!
Lugonu accepts your kill.
You hit the slave.
The slave is lightly wounded.
The slave hits you.
Unknown command.
You feel sick.
You feel sick.
An adder comes into view.
You enter the shallow water.
Moving in this stuff is going to be slow.
You feel sick. The adder bites you.
* * * LOW HITPOINT WARNING * * *
The adder bites you but does no damage. x2
Found a glowing drain.
Pikel hits you but does no damage.
You are electrocuted!
You die...

,,*,*,******,,*,,,,,,*,,*
,,,***,,,,,,...........**
,,,,*,*******...#..#...*
*,**,** ##........**
*,**** ##.......#*** *,*
#........,,,*
*,*******####.....#***,*
,,,,,,,,,..#*#...#* *,*
,**.,,,**#.# #.K@# *,*
,**..,,**#.# #p#≈# *,*
,,,...,,*#.# #.#S# *,*
,,,....,*#.# #K#≈# *,*
,,,.....##.###.#≈# *,*
,**<,,#...pp.p.#≈# *,*
,**,,,#.##p###.#≈# *,*
,***,**,*#.# ###≈# *,*
,***,**,*#.# #∩# *,*


You could see Pikel, a slave and an adder.

Vanquished Creatures
  The ghost of shovelpile the Shooter, an amateur KoHu (D:3)
  A wyvern zombie (D:3)
  Jessica (D:3)
  A worker ant (D:4)
  3 adders
  5 worms
  3 dart slugs
  3 giant geckos
  2 orcs (D:3)
  7 giant cockroaches
  5 goblins
  9 hobgoblins
  5 jackals
  2 quokkas (D:3)
  2 ball pythons
  4 bats
  3 giant newts
  6 kobolds
  7 rats
70 creatures vanquished.

Notes
Turn   | Place    | Note
--------------------------------------------------------------
     0 | Abyss:1  | Gargoyl the Demonspawn Abyssal Knight began the quest for the Orb.
     0 | Abyss:1  | Reached XP level 1. HP: 18/18 MP: 2/2
     5 | Abyss:1  | Found a basalt altar of Yredelemnul.
    16 | Abyss:1  | Found a corrupted altar of Lugonu.
    46 | Abyss:1  | Noticed a wretched star
    48 | D:1      | Escaped the Abyss
   255 | D:1      | Reached skill level 1 in Dodging
   393 | D:1      | Reached * piety under Lugonu
   393 | D:1      | Gained mutation: You sometimes gain a little power by taking damage. [demonic ancestry]
   393 | D:1      | Reached XP level 2. HP: 23/24 MP: 3/3
  1226 | D:1      | Reached XP level 3. HP: 29/29 MP: 4/4
  1276 | D:2      | Found a faded altar to an unknown god.
  2330 | D:2      | Reached ** piety under Lugonu
  2390 | D:2      | Reached XP level 4. HP: 35/35 MP: 5/5
  2620 | D:3      | Noticed shovelpile's ghost (amateur KoHu)
  2640 | D:3      | Killed shovelpile's ghost
  2640 | D:3      | Gained mutation: You are partially covered in molten scales (AC +1). [demonic ancestry]
  2640 | D:3      | Reached XP level 5. HP: 41/41 MP: 6/6
  2884 | D:3      | HP: 1/41 [wyvern zombie (9)]
  2890 | D:3      | Gained mutation: You have sharp toenails. [potion of mutation]
  2890 | D:3      | Gained mutation: Scrolls take you a little longer to read. [potion of mutation]
  2890 | D:3      | Gained mutation: You possess an exceptional clarity of mind. [potion of mutation]
  3078 | D:3      | Noticed Jessica
  3085 | D:3      | Killed Jessica
  3085 | D:3      | Gained mutation: You have a pair of small horns on your head. [demonic ancestry]
  3085 | D:3      | Reached XP level 6. HP: 44/48 MP: 9/9
  3377 | D:3      | Found an ancient bone altar of Kikubaaqudgha.
  3380 | D:3      | Found a shadowy altar of Dithmenos.
  3380 | D:3      | Found a shattered altar of Ashenzari.
  3384 | D:3      | Found an oddly glowing altar of Pakellas.
  3914 | D:4      | Noticed a slave
  3922 | D:4      | Noticed a slave
  3926 | D:4      | Noticed a slave
  3928 | D:4      | Noticed a slave
  3930 | D:4      | Noticed Pikel
  3943 | D:4      | Found a glowing drain.
  3944 | D:4      | Slain by Pikel

Skill      XL: |  1  2  3  4  5  6 |
---------------+-------------------+-----
Dodging        | 1 2 |  2.0
Armour         | 2 3 4 |  4.1
Axes           | 2 |  2.6
Invocations    | 3 4 |  4.2
Fighting       | |  3.7
Shields        | |  0.5

Action                   |  1- 3 |  4- 6 || total
-------------------------+-------+-------++-------
Melee: Hand axe          |   139 |   118 ||   257
       Kick              |       |    15 ||    15
       Headbutt          |       |     6 ||     6
Invok: Depart the Abyss  |     1 |       ||     1
  Use: Scroll            |     6 |     1 ||     7
       Potion            |       |     8 ||     8
 Stab: Sleeping          |     1 |       ||     1
  Eat: Chunk             |     5 |     5 ||    10
Armor: Leather armour    |    22 |       ||    22
       Scale mail        |    17 |    13 ||    30
       Skin              |       |    23 ||    23
       Chain mail        |       |    53 ||    53
Dodge: Dodged            |    62 |    30 ||    92
Block: Buckler           |    10 |    22 ||    32
